 Dungeon Crawl Stone Soup version 0.31-a0-1574-g5526595cd0 (webtiles) character file.

Game seed: 18364892392903829279

1763126 Ge0ff the Merry Vampire (level 27, 215/215 HPs)
             Began as a Vampire Reaver on Jan 4, 2024.
             Was the Champion of Ashenzari.
             Escaped with the Orb
             ... and 4 runes on Jan 5, 2024!
             The game lasted 03:52:03 (129848 turns).

Ge0ff the Merry Vampire (Vampire Reaver)          Turns: 129848, Time: 03:52:04

Health: 215/215    AC: 28    Str:  9    XL:     27
Magic:  58/58      EV: 13    Int: 31    God:    Ashenzari [******]
Gold:   8071       SH: 18    Dex: 20    Spells: 3/62 levels left

rFire   + . .        a - staff "Unveiling Jealousy" (curse) {rF+ MP+9 Fire, Elem, Dev} (curse)
rCold   + . .        w - +4 kite shield of Supernal Gnosis {rN+, Fort, Range} (curse)
rNeg    + . .        Q - +1 scale mail of Ashenzari's Black Moon {rElec rPois rC+ SInv, Self, Melee} (curse)
rPois   +            G - +2 helmet "I Foresaw This" {Sorc, Bglg} (curse)
rElec   +            e - +4 dragonskin cloak {Cun, Elem} (curse)
rCorr   +            r - +2 pair of gloves "Cryptic Prison" {Melee, Fort} (curse)
SInv    +            x - +0 pair of boots of the Ensconced Ordeal {rCorr Str-2 Int+2, Elem, Dev} (curse)
Will    +++..        Y - amulet of Supernal Wisdom {RegenMP rElec Int+3, Sorc, Elem} (curse)
Stlth   +            c - ring of Ouranomancy {Will+, Dev, Elem} (curse)
HPRegen 0.75/turn    i - ring "Bound Mistrust" {AC+4 Int+4, Elem, Dev} (curse)
MPRegen 0.76/turn

%: clarity
@: healing quickly, studying 2 skills
A: alive, fangs 3, see invisible, vampiric 2, high MP 1, no potion heal 1
0: Orb of Zot
}: 4/15 runes: decaying, serpentine, slimy, silver
a: Exsanguinate, Renounce Religion, Shatter the Chains


You escaped.
You worshipped Ashenzari.
Ashenzari was exalted by your worship.
You visited 13 branches of the dungeon, and saw 57 of its levels.
You visited the Abyss 1 time.
You visited 1 ziggurat, and saw 17 of its levels.
You also visited: Trove, Ice Cave and Volcano.

You collected 10629 gold pieces.
You spent 2558 gold pieces at shops.

Inventory:

Missiles
 g - 4 throwing nets {=F}
 h - 5 javelins
 v - 23 curare-tipped darts {=F}
 D - 7 silver javelins
 Z - 43 boomerangs
Armour
 e - the cursed +4 dragonskin cloak (worn) {Cun, Elem}
   (You took it off Tiamat on level 5 of the Realm of Zot)

   Avatar's Aegis: It grants the wearer a chance to resist fire, cold, poison,
   electricity, acid, and negative energy.
   It has a curse which improves the following skills: Cunning: Dodging and
   Stealth.
   Elements:  Fire Magic, Ice Magic, Air Magic and Earth Magic.
 r - the cursed +2 pair of gloves "Cryptic Prison" (worn) {Melee, Fort}
   (You found it on level 10 of the Dungeon)

   It has a curse which improves the following skills: Melee Combat: Short
   Blades, Long Blades, Axes, Maces & Flails, Polearms, Staves and Unarmed
   Combat.
   Fortitude: Armour and Shields.
 w - the cursed +4 kite shield of Supernal Gnosis (worn) {rN+, Fort, Range}
   (You took it off a naga warrior on level 4 of the Snake Pit)

   It has a curse which improves the following skills: Fortitude: Armour and
   Shields.
   Ranged Combat: Ranged Weapons and Throwing.
 x - the cursed +0 pair of boots of the Ensconced Ordeal (worn) {rCorr Str-2 Int+2, Elem, Dev}
   (You acquired it on level 2 of the Crypt)

   Str-2:     It affects your strength (-2).
   Int+2:     It affects your intelligence (+2).
   rCorr:     It protects you from acid and corrosion.
   It has a curse which improves the following skills: Elements: Fire Magic, Ice
   Magic, Air Magic and Earth Magic.
   Devices:   Evocations and Shapeshifting.
 G - the cursed +2 helmet "I Foresaw This" (worn) {Sorc, Bglg}
   (You found it on level 1 of the Snake Pit)

   It has a curse which improves the following skills: Sorcery: Conjurations and
   Alchemy.
   Beguiling: Hexes and Translocations.
 Q - the cursed +1 scale mail of Ashenzari's Black Moon (worn) {rElec rPois rC+ SInv, Self, Melee}
   (You found it in an ice cave)

   rC+:       It protects you from cold.
   rElec:     It insulates you from electricity.
   rPois:     It protects you from poison SInv: It lets you see invisible.
   It has a curse which improves the following skills: Introspection: Fighting
   and Spellcasting.
   Melee Combat: Short Blades, Long Blades, Axes, Maces & Flails, Polearms,
   Staves and Unarmed Combat.
Magical Staves
 a - the cursed staff "Unveiling Jealousy" (weapon) {rF+ MP+9 Fire, Elem, Dev}
   (You found it on level 6 of a ziggurat)

   [staff of fire]

   Base accuracy: +5 Base damage: 5 Base attack delay: 1.2 This weapon's minimum
   attack delay (0.6) is reached at skill level 12.
   rF+:       It protects you from fire.
   MP+9:      It affects your magic capacity (+9).
   Fire:      It increases the power of your Fire spells.
   It falls into the 'Staves' category.
   It is a one-handed weapon.
   It has a curse which improves the following skills: Elements: Fire Magic, Ice
   Magic, Air Magic and Earth Magic.
   Devices:   Evocations and Shapeshifting.
Jewellery
 b - the ring "Fugih" {+Blink rF+ rN+}
   (You took it off a necromancer on level 3 of the Crypt)

   [ring of positive energy]

   rF+:       It protects you from fire.
   rN+:       It protects you from negative energy.
   +Blink:    It lets you blink.
 c - the cursed ring of Ouranomancy (left hand) {Will+, Dev, Elem}
   (You found it on level 1 of the Depths)

   [ring of willpower]

   Will+:     It increases your willpower.
   It has a curse which improves the following skills: Devices: Evocations and
   Shapeshifting.
   Elements:  Fire Magic, Ice Magic, Air Magic and Earth Magic.
 f - the ring of Wiawus {rF+ rC+ rN+ Will++ Str-5}
   (You found it on level 10 of a ziggurat)

   [ring of protection from cold]

   Str-5:     It affects your strength (-5).
   rF+:       It protects you from fire.
   rC+:       It protects you from cold.
   rN+:       It protects you from negative energy.
   Will++:    It greatly increases your willpower.
 i - the cursed ring "Bound Mistrust" (right hand) {AC+4 Int+4, Elem, Dev}
   (You took it off an ironbound preserver on level 5 of the Vaults)

   [ring of protection]

   AC+4:      It affects your AC (+4).
   Int+4:     It affects your intelligence (+4).
   It has a curse which improves the following skills: Elements: Fire Magic, Ice
   Magic, Air Magic and Earth Magic.
   Devices:   Evocations and Shapeshifting.
 z - the ring of Springtime {rN+ Will+ MP+9}
   (You found it on level 14 of a ziggurat)

   [ring of magical power]

   rN+:       It protects you from negative energy.
   Will+:     It increases your willpower.
   MP+9:      It affects your magic capacity (+9).
 Y - the cursed amulet of Supernal Wisdom (around neck) {RegenMP rElec Int+3, Sorc, Elem}
   (You bought it in a shop on level 4 of the Depths)

   [amulet of magic regeneration]

   RegenMP:   It increases your rate of magic regeneration.
   Int+3:     It affects your intelligence (+3).
   rElec:     It insulates you from electricity.
   It has a curse which improves the following skills: Sorcery: Conjurations and
   Alchemy.
   Elements:  Fire Magic, Ice Magic, Air Magic and Earth Magic.
Wands
 d - a wand of digging (10)
 j - a wand of light (68)
 k - a wand of iceblast (70)
 p - a wand of paralysis (76)
 s - a wand of mindburst (61)
 P - a wand of polymorph (29)
Scrolls
 m - 4 scrolls of revelation
 y - 4 scrolls of immolation
 B - 4 scrolls of blinking
 C - 8 scrolls of poison
 E - 5 scrolls of fear
 F - 14 scrolls of fog
 J - 6 scrolls of silence {!r}
 S - 4 scrolls of summoning
 T - 29 scrolls of teleportation
 V - 16 scrolls of vulnerability
Potions
 o - 5 potions of ambrosia
 q - 24 potions of curing
 u - 7 potions of mutation {!q}
 A - 12 potions of attraction
 I - 6 potions of invisibility
 K - 2 potions of magic {!q}
 L - 10 potions of lignification
 M - 3 potions of might
 N - 7 potions of cancellation {!q}
 R - 3 potions of resistance
 W - 8 potions of heal wounds {!q}
 X - 13 potions of enlightenment
Miscellaneous
 l - a lightning rod (4/4)
 n - a phial of floods
 t - a tin of tremorstones (1/2)
 O - a box of beasts
 U - a phantom mirror


   Skills:
 - Level 15.0(17.3) Fighting
 - Level 12.2(15.7) Short Blades
 O Level 27 Ranged Weapons
 - Level 5.7(8.1) Throwing
 - Level 8.3(12.0) Armour
 - Level 10.0(12.4) Dodging
 + Level 7.8(10.3) Stealth
 - Level 9.4(13.0) Shields
 - Level 15.6(18.0) Spellcasting
 - Level 8.4(12.1) Conjurations
 - Level 6.5(9.0) Hexes
 - Level 8.5 Necromancy
 - Level 5.9(8.3) Translocations
 - Level 18.1(25.4) Fire Magic
 - Level 18.1(25.4) Air Magic
 - Level 8.4(12.1) Alchemy
 - Level 10.3(16.0) Evocations


You had 3 spell levels left.
You knew the following spells:

 Your Spells              Type           Power      Damage    Failure   Level
a - Sublimation of Blood  Necr           69%        N/A       1%          2
d - Iskenderun's Mystic   Conj/Tloc      75%        2d15      2%          4
e - Irradiate             Conj/Alch      40%        3d25      3%          5
g - Apportation           Tloc           100%       N/A       1%          1
h - Lee's Rapid Deconstr  Erth           17%        3d10*     97%         5
m - Plasma Beam           Fire/Air       67%        2x1d84    1%          6
n - Dispel Undead         Necr           69%        3d23      5%          4
p - Passage of Golubria   Tloc           68%        N/A       6%          4
s - Ignition              Fire           67%        3d18      3%          8
y - Yara's Violent Unrav  Hex/Alch       38%        3d15      6%          5
B - Blink                 Tloc           100%       N/A       1%          2
C - Fireball              Conj/Fire      60%        3d23      1%          5
E - Maxwell's Capacitive  Air            55%        ∞         3%          8

Your spell library contained the following spells:

 Spells                   Type           Power      Damage    Failure   Level
 Foxfire                  Conj/Fire      100%       2x1d9     0%          1
 Mercury Vapours          Alch/Air       100%       N/A       0%          2
 Scorch                   Fire           100%       2d9       0%          2
 Static Discharge         Conj/Air       100%       3-8/arc   0%          2
 Swiftness                Air            100%       N/A       0%          3
 Kiss of Death            Conj/Necr      100%       2d13      1%          1
 Magic Dart               Conj           100%       1d8       1%          1
 Necrotise                Necr           100%       1d9       1%          1
 Slow                     Hex            100%       N/A       1%          1
 Sting                    Conj/Alch      100%       1d9       1%          1
 Cigotuvi's Dreadful Rot  Necr/Alch/Air  100%       N/A       1%          2
 Jinxbite                 Hex            100%       N/A       1%          2
 Lesser Beckoning         Tloc           100%       N/A       1%          2
 Momentum Strike          Conj/Tloc      100%       3d10      1%          2
 Searing Ray              Conj           100%       2d8       1%          2
 Confusing Touch          Hex            71%        N/A       1%          3
 Dazzling Flash           Conj/Hex       100%       N/A       1%          3
 Fugue of the Fallen      Necr           69%        N/A       1%          3
 Gell's Gravitas          Tloc           68%        N/A       1%          3
 Inner Flame              Hex/Fire       100%       N/A       1%          3
 Mephitic Cloud           Conj/Alch/Air  92%        N/A       1%          3
 Sigil of Binding         Hex            71%        N/A       1%          3
 Teleport Other           Tloc           68%        N/A       1%          3
 Tukima's Dance           Hex            71%        N/A       1%          3
 Vampiric Draining        Necr           69%        2d10      1%          3
 Volatile Blastmotes      Fire/Tloc      100%       2d18      1%          3
 Ensorcelled Hibernation  Hex/Ice        100%       N/A       3%          2
 Hailstorm                Conj/Ice       62%        3d11      3%          3
 Stone Arrow              Conj/Erth      100%       3d13      3%          3
 Freeze                   Ice            100%       1d10      12%         1
 Summon Small Mammal      Summ           100%       N/A       19%         1
 Call Imp                 Summ           54%        N/A       26%         2
 Frozen Ramparts          Ice            68%        1d11      34%         3
 Ozocubu's Armour         Ice            34%        N/A       34%         3
 Summon Ice Beast         Ice/Summ       31%        N/A       41%         3
 Call Canine Familiar     Summ           27%        N/A       47%         3
 Airstrike                Air            55%        2d(8-24)  0%          4
 Flame Wave               Conj/Fire      100%       2d21      1%          4
 Fulminant Prism          Conj/Alch      40%        3d19      1%          4
 Olgreb's Toxic Radiance  Alch           80%        N/A       1%          4
 Sticky Flame             Fire/Alch      100%       2d15      1%          4
 Summon Blazeheart Golem  Fire/Summ      100%       N/A       1%          4
 Summon Lightning Spire   Summ/Air       82%        N/A       1%          4
 Arcjolt                  Conj/Air       48%        1d58      1%          5
 Silence                  Hex/Air        47%        N/A       1%          5
 Conjure Ball Lightning   Conj/Air       48%        3x3d17    1%          6
 Starburst                Conj/Fire      60%        6d16      1%          6
 Freezing Cloud           Conj/Ice/Air   41%        6-21      2%          5
 Alistair's Intoxication  Alch           53%        N/A       3%          5
 Iskenderun's Battlesphe  Conj           80%        2d13      3%          5
 Anguish                  Hex/Necr       35%        N/A       4%          4
 Cause Fear               Hex            35%        N/A       4%          4
 Dimensional Bullseye     Hex/Tloc       35%        N/A       4%          4
 Animate Dead             Necr           69%        N/A       5%          4
 Manifold Assault         Tloc           68%        N/A       6%          4
 Brom's Barrelling Bould  Conj/Erth      62%        2d8       12%         4
 Curse of Agony           Necr           69%        N/A       16%         5
 Martyr's Knell           Necr/Summ      53%        N/A       30%         4
 Borgnjor's Vile Clutch   Necr/Erth      27%        N/A       56%         5
 Death Channel            Necr           34%        N/A       63%         6
 Orb of Destruction       Conj           40%        9d11      71%         7
 Animate Armour           Summ/Erth      62%        N/A       82%         4
 Bombard                  Conj/Erth      31%        9d6       88%         6
 Sculpt Simulacrum        Ice/Alch       31%        N/A       88%         6
 Enfeeble                 Hex            35%        N/A       98%         7
 Summon Cactus Giant      Summ           13%        N/A       100%        6
 Haunt                    Necr/Summ      26%        N/A       100%        7
 Spellforged Servitor     Conj/Summ      30%        N/A       100%        7
 Discord                  Hex            35%        N/A       100%        8
 Infestation              Necr           34%        N/A       100%        8
 Chain Lightning          Conj/Air       48%        3d64      100%        9
 Dragon's Call            Summ           13%        N/A       100%        9
 Shatter                  Erth           17%        3d16*     100%        9


Dungeon Overview and Level Annotations

Branches:
Dungeon (15/15)            Temple (1/1) D:6            Lair (5/5) D:9
  Swamp (4/4) Lair:2        Snake (4/4) Lair:2        Slime (5/5) Lair:5
    Orc (2/2) D:10            Elf (3/3) Orc:2        Vaults (5/5) D:13
  Crypt (3/3) Vaults:3       Tomb (1/3) Crypt:3      Depths (4/4) D:15
    Zot (5/5) Depths:4      IceCv (visited)         Volcano (visited)

Altars:
Ashenzari
Cheibriados
Dithmenos
Fedhas
Gozag
Hepliaklqana
Kikubaaqudgha
Makhleb
Nemelex Xobeh
Okawaru
Qazlal
Ru
Sif Muna
Trog
Uskayaw
Vehumet
Wu Jian
Xom
Yredelemnul

Shops:
D:7 (   Orc:2 [*[((   Elf:1 (   Snake:4 (   Depths:3 **   Depths:4 *==:

Portals:
Hell: Depths:1 Depths:2 Depths:3 Depths:4
Abyss: Depths:2 Depths:3
Pandemonium: Depths:2 Depths:4


Innate Abilities, Weirdness & Mutations

Your natural rate of healing is accelerated.
You have razor-sharp teeth.
You have supernaturally acute eyesight. (SInv)
You are afflicted with vampirism and can become a bat while bloodless.
You have an increased reservoir of magic. (+10% MP)
Potions are less effective at restoring your health.


Message History

There is a stone staircase leading down here.
You climb downwards.
There is a stone staircase leading up here.
Magic restored.
An efreet comes into view.
It is wielding a +1 scimitar of flaming.
There is a stone staircase leading up here.
You climb upwards.
There is a stone staircase leading down here.
What level of the Dungeon? (default 8, ? - help)
Okay, then.
You feel a surge of power!
The bolt of lightning hits the lorocyproca!!
The lorocyproca resists.
The lorocyproca is moderately wounded.
The fiery plasma hits the lorocyproca!!
The lorocyproca resists.
The lorocyproca is heavily wounded.
The lorocyproca barely misses you.
You feel a surge of power!
The bolt of lightning hits the lorocyproca!!
The lorocyproca resists.
The lorocyproca is almost dead.
The fiery plasma hits the lorocyproca.
The lorocyproca resists.
The lorocyproca is almost dead.
The lorocyproca hits you!
You feel your power leaking away.
You feel a surge of power!
The bolt of lightning hits the lorocyproca!!
The lorocyproca resists.
You kill the lorocyproca!
What level of the Dungeon? (default 8, ? - help)
There is a stone staircase leading up here.
You climb upwards.
HP restored.
There is a stone staircase leading down, spattered with blood here.
There is a stone staircase leading up here.
Things that are here:
a +0 dagger; an orc skeleton You climb upwards.
There is a stone staircase leading down here.
Magic restored.
There is a stone staircase leading up here.
You climb upwards.
There is a stone staircase leading down here.
There is a stone staircase leading up here.
You climb upwards.
There is a stone staircase leading down here.
There is a stone staircase leading up here.
You climb upwards.
There is a stone staircase leading down here.
There is a staircase leading out of the dungeon here.
You have escaped!

#.# #........# #.# #.#
#######..# #### #.# #.#
#.## ##..###.# ##.#
##.###.#.....# ...# ####
##.#.###...## #### #..##
##)## ##...## #
#.#.###.#.###.#...# #
#.##.#.#.#.#.##..## #
#.###.#.@.#.###.## #
######.##.#.#.#.#.#### #
#......#.###.#.###.### #
#.####..## ##.##
##..######### ####.#
##.####.#.####...........
.....#
#...#.###.#...##########
.###.# #.#..## ##..###
..##.#####.###.# ####
...............#


There were no monsters in sight!

Vanquished Creatures
  the Royal Jelly (Slime:5)
  5 dread liches
  Tiamat (Zot:5)
  An ancient lich (Vaults:5)
  The ghost of Ogritsah the Conqueror, a legendary MiBe of Trog (Zot:4)
  9 orbs of fire
  Khufu (Crypt:2)
  7 royal mummies
  8 Killer Klowns
  the Lernaean hydra (Swamp:4)
  3 shard shrikes (Zig:15)
  Saint Roka (Vaults:3)
  Vv (Crypt:1)
  2 curse toes
  2 caustic shrikes
  2 pandemonium lords
  15 golden dragons
  4 electric golems
  3 doom hounds (Zot:2)
  2 Brimstone Fiends
  A walking crystal tome (Depths:4)
  15 tentacled monstrosities
  The ghost of Silenth the Arsonist, an adept DrFE of Vehumet (Vaults:1)
  Jorgrun (Swamp:2)
  4 liches
  4 Ice Fiends
  A shard shrike skeleton (Crypt:3)
  6 titans
  26 Orb Guardians
  3 deep elf blademasters
  Asterion (Elf:1)
  Grunn (Zot:2)
  4 quicksilver dragons
  4 deep elf master archers
  A kraken (Zig:17)
  6 death cobs
  21 acid blobs
  2 ancient champions
  A walking divine tome (Depths:3)
  2 Executioners
  Gastronok (Lair:3)
  12 sphinxes
  13 storm dragons
  Frances (Swamp:1)
  10 shadow dragons
  3 thorn hunters
  5 tengu reavers
  Donald (Swamp:2)
  7 fire giants
  7 nagarajas
  2 protean progenitors (Zot:3)
  12 rockslimes
  4 revenants
  Aizul (Swamp:2)
  2 draconian monks
  9 deep elf sorcerers
  19 azure jellies
  A balrug (Depths:3)
  4 draconian shifters
  6 narguns (Zig:15)
  An emperor scorpion (Zig:4)
  A draconian scorcher (Zot:3)
  9 draconian knights
  4 iron dragons
  6 frost giants
  3 curse skulls
  4 ghost moths
  6 fenstrider witches
  4 ghouls
  3 reapers
  18 vault wardens
  9 deep elf elementalists
  3 draconian stormcallers
  2 orc warlords
  4 very ugly things
  14 ironbound preservers
  3 draconian annihilators
  14 stone giants
  10 ironbound thunderhulks
  15 quicksilver oozes
  A caustic shrike skeleton (Crypt:1)
  2 formless jellyfish
  5 deep elf demonologists
  10 vampire knights
  4 bennus
  15 yellow draconians
  13 green draconians
  6 black draconians
  2 lorocyprocas
  12 deep elf death magi
  12 eleionomae
  4 purple draconians
  7 white draconians
  13 dire elephants
  8 deep elf annihilators
  2 war gargoyles (Vaults:5)
  3 wendigos (Zig:15)
  A spark wasp (Zig:4)
  6 red draconians
  9 bunyips
  2 iron golems (Depths:1)
  7 ettins
  10 mummy priests
  13 eidola
  2 merfolk javelineers (Zig:5)
  8 fire dragons
  3 green deaths
  A merfolk impaler (Depths:1)
  An elf zombie (Crypt:3)
  2 blizzard demons
  4 shambling mangroves
  An entropy weaver (Vaults:5)
  7 crystal guardians
  16 deep elf high priests
  12 yaktaur captains
  5 ice dragons
  15 great orbs of eyes
  3 spriggan zombies
  5 hell beasts
  Harold (Lair:2)
  5 salamander tyrants
  A caustic shrike simulacrum (Zig:15)
  A ghost crab (Zig:11)
  3 rakshasas
  A juggernaut simulacrum (Zig:15)
  38 vault guards
  22 hydras
  A peacekeeper (Vaults:4)
  10 anacondas
  13 alligators
  10 ironbound frosthearts
  A fenstrider witch skeleton (Crypt:3)
  The ghost of vurker the Slicer, a journeyman VSEn of Ru (D:11)
  4 catoblepae
  2 spriggan skeletons
  A spriggan air mage (Depths:1)
  31 centaur warriors
  33 dancing weapons
  7 boulder beetles
  A death knight (Crypt:1)
  A death yak (Lair:3)
  3 two-headed ogres
  3 vampire magi
  A satyr (Zig:5)
  18 naga warriors
  8 deep troll earth magi
  A sphinx skeleton (D:15)
  3 death scarabs (Zig:13)
  18 deep troll shamans
  A demonic crawler (Zig:4)
  3 orc high priests
  A thrashing horror (Abyss:1)
  4 tengu warriors
  18 deep elf knights
  2 hell hogs (Lair:5)
  12 hell knights
  3 occultists
  4 titan zombies
  10 naga sharpshooters
  6 shock serpents
  10 soul eaters
  A bennu skeleton (Crypt:1)
  11 iron trolls
  3 spriggan berserkers
  A sun demon (Depths:2)
  5 salamander mystics
  A titan skeleton (Crypt:3)
  A fire crab (Volcano)
  Amaemon (Lair:3)
  3 skysharks
  16 skeletal warriors
  8 goliath frogs
  2 wretched stars (Abyss:3)
  Lodul (D:12)
  3 sixfirhies
  7 spriggan druids
  3 sea snakes
  A death drake (shapeshifter) (Vaults:5)
  2 death drakes
  2 flayed ghosts
  A kraken simulacrum (Zig:17)
  A swamp dragon (shapeshifter) (Depths:3)
  An anaconda zombie (Crypt:3)
  A glowing orange brain (shapeshifter) (Depths:4)
  2 storm dragon skeletons (D:15)
  9 naga ritualists
  5 arcanists
  63 deep trolls
  5 glowing orange brains
  21 swamp dragons
  2 orange crystal statues
  A bunyip skeleton (Crypt:3)
  5 lindwurms
  12 mana vipers
  7 bog bodies
  A spriggan simulacrum (Zig:13)
  2 obsidian statues
  14 ironbound convokers
  8 deep elf archers
  8 orc knights
  20 necromancers
  2 shadow dragon zombies
  28 deep elf zephyrmancers
  5 harpies (Vaults:1)
  35 deep elf pyromancers
  4 wolf spiders
  17 phantasmal warriors
  An oklob plant (Lair:2)
  5 orc sorcerers
  33 ugly things
  2 large abominations (Abyss:3)
  14 will-o-the-wisps
  A human zombie (Vaults:4)
  10 salamanders
  A cyclops (shapeshifter) (Vaults:3)
  6 shining eyes
  A stone giant zombie (Crypt:1)
  A stone giant skeleton (Crypt:3)
  A tengu skeleton (Zig:7)
  10 cyclopes
  A moth of wrath (shapeshifter) (Vaults:2)
  24 moths of wrath
  2 merfolk sirens (Zig:5)
  A meliai (Zig:4)
  3 centaur zombies
  A manticore (D:13)
  A naga zombie (Crypt:1)
  5 kobold blastminers
  A dire elephant zombie (Crypt:3)
  16 naga magi
  An iron dragon skeleton (Crypt:1)
  2 rust devils
  19 vault sentinels
  6 ice statues
  7 cane toads
  10 elephants
  37 black mambas
  4 guardian serpents
  2 smoke demons
  3 molten gargoyles (Lair:5)
  A torpor snail (Lair:3)
  4 eyes of devastation
  2 gargoyles
  A torpor snail (shapeshifter) (Vaults:5)
  An orange demon (Lair:3)
  2 centaur skeletons (Crypt:3)
  An alligator snapping turtle zombie (Crypt:3)
  2 unseen horrors
  Maggie (D:8)
  3 rime drakes (Lair:1)
  30 yaktaurs
  2 kobold demonologists (D:11)
  2 alligator snapping turtle skeletons
  16 komodo dragons
  9 hellions
  19 guardian mummies
  6 tengu conjurers
  9 freezing wraiths
  3 ice devils
  2 hydra zombies
  10 trolls
  2 ancient zymes (Abyss:3)
  A red devil (Zig:10)
  A harpy skeleton (Crypt:3)
  3 harpy zombies (Crypt:3)
  10 tyrant leeches
  3 bloated husks
  15 hellwings
  17 hornets
  A satyr zombie (Crypt:2)
  A queen bee (shapeshifter) (Elf:1)
  A snapping turtle (shapeshifter) (Vaults:5)
  8 glass eyes
  5 blink frogs (Lair:1)
  A glass eye (shapeshifter) (Vaults:5)
  2 jumping spiders
  An ettin zombie (Crypt:3)
  A slime creature (shapeshifter) (Elf:2)
  133 slime creatures
  An air elemental (Elf:1)
  A fire dragon skeleton (Crypt:3)
  11 spriggans
  2 shadows
  7 wraiths
  A dire elephant simulacrum (IceCv)
  A wind drake zombie (Crypt:1)
  An ice dragon skeleton (Crypt:2)
  2 vampires
  A satyr skeleton (Crypt:2)
  4 fire bats (Volcano)
  2 ynoxinuls
  4 fire elementals
  6 wyverns
  4 water elementals
  43 yaks
  A golden eye (shapeshifter) (Elf:3)
  8 ushabtiu
  5 wargs
  16 golden eyes
  12 basilisks
  9 starcursed masses (Abyss:3)
  3 redbacks
  A steam dragon (Volcano)
  A neqoxec (Abyss:3)
  15 swamp worms
  17 vampire mosquitoes
  3 chaos spawn
  2 small abominations (Abyss:3)
  A harpy simulacrum (IceCv)
  56 nagas
  A demonspawn zombie (Crypt:2)
  4 acid dragons
  A demonspawn skeleton (Crypt:3)
  A deep troll skeleton (Crypt:2)
  15 water moccasins
  8 hell hounds
  10 swamp drakes
  A sky beast (D:7)
  4 black bears
  5 ice beasts
  34 orc warriors
  5 laughing skulls
  6 wolves
  A hog zombie (Crypt:2)
  9 centaurs
  2 blink frog skeletons
  14 ogres
  3 kobold brigands
  12 bullfrogs
  4 earth elementals
  A necrophage (Crypt:2)
  A gnoll sergeant (D:8)
  3 scorpions
  An elf skeleton (Crypt:2)
  22 wights
  2 cane toad simulacra (IceCv)
  6 wyvern skeletons (Crypt:3)
  An elephant simulacrum (IceCv)
  A human simulacrum (Vaults:4)
  5 killer bees
  4 electric eels
  4 howler monkeys
  5 lava snakes (Lair:5)
  A quasit (Abyss:1)
  5 hounds
  A wyvern simulacrum (D:8)
  22 orc priests
  2 bombardier beetles (D:4)
  5 jellies
  13 human skeletons
  A gnoll bouda (D:7)
  4 iguanas
  Jessica (D:3)
  Terence (D:3)
  2 black bear skeletons
  3 sleepcaps
  33 orc wizards
  3 polar bear simulacra (IceCv)
  A wolf simulacrum (IceCv)
  2 centaur simulacra
  25 mummies
  16 gnolls
  10 adders
  3 shadow imps
  A white imp (D:8)
  2 ribbon worms
  112 orcs
  3 bats
  12 endoplasms
  3 giant cockroaches
  6 goblins
  10 hobgoblins
  5 quokkas
  7 ball pythons
  A goblin zombie (Crypt:1)
  A hobgoblin zombie (D:5)
  20 kobolds
  3 kobold zombies (D:5)
  4 rats
  A butterfly (Lair:1)
  3 fire vortices (Depths:3)
  6 tentacles (Zig:17)
2704 creatures vanquished.

Vanquished Creatures (collateral kills)
  A tengu reaver (Depths:3)
  An ironbound preserver (Vaults:1)
  Snorg (D:11)
  A titan skeleton (Vaults:4)
  2 black mambas (Lair:5)
  3 komodo dragons
  A polar bear (Lair:3)
  2 yaks (Lair:3)
  An elf zombie (Vaults:4)
  A basilisk (Lair:5)
  2 ball lightnings
16 creatures vanquished.

Vanquished Creatures (others)
  2 eleionomae (Zig:12)
  An orc (D:9)
  183 ball lightnings
  24 foxfires
  8 tentacles (Zig:17)
218 creatures vanquished.

Grand Total: 2938 creatures vanquished

Notes
Turn   | Place    | Note
-------+----------+-------------------------------------------
     0 | D:1      | Ge0ff the Vampire Reaver began the quest for the Orb.
     0 | D:1      | Reached XP level 1. HP: 16/16 MP: 3/3
   180 | D:1      | Reached skill level 1 in Stealth
   309 | D:1      | Reached XP level 2. HP: 22/22 MP: 5/5
   317 | D:1      | Reached skill level 1 in Ranged Weapons
   845 | D:2      | Gained mutation: You are afflicted with vampirism and can
                  | become a bat while bloodless. [Vampire growth]
   845 | D:2      | Reached XP level 3. HP: 21/25 MP: 4/6
  1040 | D:2      | Found a shimmering altar of Xom.
  1327 | D:2      | Reached skill level 2 in Ranged Weapons
  1675 | D:2      | Reached XP level 4. HP: 12/34 MP: 7/7
  1717 | D:3      | Noticed Terence
  1725 | D:3      | Killed Terence
  1765 | D:3      | Found a broken altar of Ashenzari.
  1773 | D:3      | Became a worshipper of Ashenzari the Shackled
  1781 | D:3      | Noticed Jessica
  1786 | D:3      | Killed Jessica
  1787 | D:3      | Reached skill level 1 in Throwing
  1787 | D:3      | Reached XP level 5. HP: 16/31 MP: 6/8
  1877 | D:2      | Reached skill level 3 in Ranged Weapons
  1973 | D:2      | Found a radiant altar of Vehumet.
  1973 | D:2      | Found a shimmering altar of Xom.
  1973 | D:2      | Found a sparkling altar of Nemelex Xobeh.
  1973 | D:2      | Found a broken altar of Ashenzari.
  1973 | D:2      | Found an opulent altar of Gozag.
  2468 | D:3      | Found an ornate altar of the Wu Jian Council.
  2617 | D:4      | Identified the +0 chain mail of Weirdness {rElec Will+
                  | Regen+}
  2706 | D:4      | Reached skill level 4 in Ranged Weapons
  2706 | D:4      | Reached XP level 6. HP: 29/37 MP: 9/9
  3179 | D:4      | Identified the +5 rapier of Saltpetre {protect, rElec rF+
                  | rCorr}
  3763 | D:5      | Entered Level 5 of the Dungeon
  3867 | D:5      | Reached * piety under Ashenzari
  4081 | D:5      | Reached XP level 7. HP: 48/52 MP: 10/10
  4620 | D:5      | Reached skill level 1 in Evocations
  4629 | D:5      | Reached skill level 1 in Armour
  4989 | D:5      | Reached skill level 1 in Shields
  4999 | D:5      | Reached skill level 5 in Short Blades
  5114 | D:6      | Reached XP level 8. HP: 43/60 MP: 11/11
  5166 | D:6      | Reached ** piety under Ashenzari
  5170 | D:6      | Found an opulent altar of Gozag.
  5337 | D:6      | Found a staircase to the Ecumenical Temple.
  5346 | Temple   | Entered the Ecumenical Temple
  5738 | D:7      | Reached skill level 5 in Fighting
  5971 | D:7      | Reached XP level 9. HP: 68/68 MP: 12/12
  6150 | D:7      | Found Puahuen's Antique Weapon Boutique.
  7305 | D:8      | Noticed Maggie
  7320 | D:8      | Killed Maggie
  7524 | D:8      | Reached XP level 10. HP: 77/79 MP: 13/13
  7755 | D:9      | Noticed an orange crystal statue
  8178 | D:9      | Reached skill level 10 in Short Blades
  8458 | D:9      | Found a staircase to the Lair.
  8470 | D:9      | Reached *** piety under Ashenzari
  8974 | D:10     | Entered Level 10 of the Dungeon
  8990 | D:10     | Noticed a two-headed ogre
  9003 | D:10     | Killed a two-headed ogre
  9004 | D:10     | Reached skill level 5 in Shields
  9161 | D:10     | Reached XP level 11. HP: 69/87 MP: 15/15
  9278 | D:10     | Found a staircase to the Orcish Mines.
  9429 | D:10     | Found a shadowy altar of Dithmenos.
  9516 | D:10     | Identified 2 scrolls of acquirement
  9528 | D:10     | Acquired a book of Fire
  9529 | D:10     | Acquired a manual of Fighting
  9538 | D:10     | Learned a level 6 spell: Plasma Beam
  9843 | D:10     | Found a basalt altar of Yredelemnul.
  9847 | D:10     | Found a blossoming altar of Fedhas.
  9852 | D:10     | Found a radiant altar of Vehumet.
 10134 | D:11     | Reached skill level 1 in Air Magic
 10215 | D:11     | Reached skill level 1 in Fire Magic
 10228 | D:11     | Noticed Snorg
 10238 | D:11     | Killed Snorg
 10431 | D:11     | Noticed a two-headed ogre
 10432 | D:11     | Found a transporter.
 10432 | D:11     | Found a transporter.
 10439 | D:11     | Identified the +3 bardiche of Ipeazai {drain, Stlth+}
 10451 | D:11     | Reached **** piety under Ashenzari
 10462 | D:11     | Noticed vurker's ghost (journeyman VSEn)
 10553 | D:11     | Found a hide-covered altar of Uskayaw.
 10745 | D:11     | Reached skill level 5 in Air Magic
 11022 | Lair:1   | Entered Level 1 of the Lair of Beasts
 11325 | Lair:1   | Noticed a dire elephant
 11351 | Lair:1   | Killed a dire elephant
 11352 | Lair:1   | Reached XP level 12. HP: 98/98 MP: 21/21
 11372 | Lair:1   | Noticed a catoblepas
 11425 | Lair:1   | Killed a catoblepas
 11426 | Lair:1   | Reached skill level 5 in Spellcasting
 11648 | Lair:1   | Noticed a catoblepas
 11678 | Lair:1   | Killed a catoblepas
 12002 | Lair:1   | Reached skill level 5 in Fire Magic
 12962 | Lair:2   | Reached skill level 10 in Fighting
 13234 | Lair:2   | Noticed a catoblepas
 13251 | Lair:2   | Killed a catoblepas
 13419 | Lair:2   | Reached skill level 10 in Air Magic
 13840 | Lair:2   | Found a staircase to the Snake Pit.
 13858 | Lair:2   | Reached XP level 13. HP: 109/109 MP: 13/26
 14038 | Lair:2   | Found a staircase to the Swamp.
 14091 | Lair:2   | Noticed Harold
 14101 | Lair:2   | Killed Harold
 14852 | Lair:3   | Noticed Gastronok
 14861 | Lair:3   | Killed Gastronok
 15306 | Lair:3   | Learned a level 5 spell: Fireball
 15515 | Lair:3   | Noticed Amaemon
 15525 | Lair:3   | Killed Amaemon
 16088 | Lair:4   | Found a dark tunnel.
 16168 | Volcano  | Entered a volcano
 16177 | Volcano  | Learned a level 6 spell: Conjure Ball Lightning
 16196 | Volcano  | Noticed a fire dragon
 16215 | Volcano  | Killed a fire dragon
 17950 | Lair:4   | Reached ***** piety under Ashenzari
 18651 | Lair:5   | Entered Level 5 of the Lair of Beasts
 18798 | Lair:5   | Found a staircase to the Slime Pits.
 18820 | Lair:5   | Reached XP level 14. HP: 27/125 MP: 4/31
 20577 | Lair:5   | Found a large runed translucent door.
 20577 | Lair:5   | Found a large runed translucent door.
 21317 | D:11     | Killed vurker's ghost
 21561 | Orc:1    | Entered Level 1 of the Orcish Mines
 22060 | Orc:2    | Entered Level 2 of the Orcish Mines
 23221 | Orc:2    | Noticed an orc warlord
 24852 | Orc:2    | Found Men Nami's Antique Armour Shop.
 24858 | Orc:2    | Found Tilaen's Antique Weapon Boutique.
 24949 | Orc:2    | Found a staircase to the Elven Halls.
 25082 | Orc:2    | Found Viecaq's Weapon Shoppe.
 25762 | Orc:2    | Found Rituap's Assorted Antiques.
 25799 | Orc:1    | Paralysed by an orc sorcerer for 4 turns
 26078 | Orc:2    | Found Amofess's Armour Shop.
 26175 | Orc:2    | Killed an orc warlord
 26840 | D:12     | Reached skill level 5 in Conjurations
 26856 | D:12     | Noticed Lodul
 27105 | D:12     | Found a frozen archway.
 27188 | IceCv    | Entered an ice cave
 27881 | IceCv    | Identified the +1 scale mail "Utuful" {rElec rPois rC+
                  | SInv}
 28295 | D:12     | Killed Lodul
 28297 | D:12     | Reached skill level 10 in Fire Magic
 28589 | D:12     | Reached XP level 15. HP: 130/130 MP: 15/33
 29632 | D:13     | Identified the +1 leather armour "Tokha" {MP-9 Int+4}
 29720 | D:13     | Reached skill level 10 in Spellcasting
 30948 | D:13     | Found a gate to the Vaults.
 31424 | D:14     | Learned a level 5 spell: Irradiate
 31830 | D:14     | Reached skill level 1 in Alchemy
 33678 | D:15     | Entered Level 15 of the Dungeon
 33974 | D:15     | Found an opulent altar of Gozag.
 34211 | D:15     | Found a burning altar of Makhleb.
 35052 | D:15     | Found a staircase to the Depths.
 35262 | D:15     | Reached skill level 5 in Armour
 35491 | D:15     | Reached XP level 16. HP: 147/147 MP: 36/36
 35885 | Snake:1  | Entered Level 1 of the Snake Pit
 36650 | Snake:1  | Reached skill level 5 in Evocations
 36779 | Snake:1  | Reached XP level 17. HP: 151/157 MP: 17/37
 39643 | Snake:2  | Reached skill level 5 in Alchemy
 39836 | Snake:2  | Reached skill level 5 in Dodging
 41071 | Orc:2    | Bought a +0 pair of boots for 67 gold pieces
 42262 | Snake:2  | Learned a level 5 spell: Yara's Violent Unravelling
 42752 | Snake:3  | Reached skill level 1 in Hexes
 43413 | Snake:3  | Identified the ring "Cyadicze" {Will+ rCorr}
 45150 | Snake:4  | Entered Level 4 of the Snake Pit
 45845 | Snake:4  | Reached skill level 15 in Air Magic
 46382 | Snake:4  | Identified the +2 long sword "Neruina" {freeze, rPois Will+
                  | Int-2}
 47247 | Snake:4  | Reached XP level 18. HP: 162/162 MP: 13/37
 49060 | Snake:4  | Found Toemam Goso's Antique Weapon Shoppe.
 49830 | Snake:4  | Got a serpentine rune of Zot
 50475 | Snake:4  | Found Toemam Goso's Antique Weapon Shoppe.
 50856 | Swamp:1  | Entered Level 1 of the Swamp
 50905 | Lair:2   | Reached skill level 15 in Fighting
 51490 | Swamp:1  | Noticed Frances
 51492 | Swamp:1  | Killed Frances
 52020 | Swamp:1  | Reached ****** piety under Ashenzari
 53331 | Swamp:2  | Noticed Jorgrun
 53439 | Swamp:2  | Killed Jorgrun
 53951 | Swamp:2  | Noticed Donald
 53957 | Swamp:2  | Killed Donald
 54225 | Swamp:2  | Identified the serpent talisman of Gravity {rF- rCorr Str+2
                  | Stlth+}
 54225 | Swamp:2  | Noticed Aizul
 54230 | Swamp:2  | Killed Aizul
 55817 | Swamp:3  | Reached skill level 5 in Throwing
 56142 | Swamp:3  | Found a stormy altar of Qazlal.
 56591 | Swamp:4  | Entered Level 4 of the Swamp
 58003 | Swamp:4  | Reached skill level 5 in Hexes
 59788 | Swamp:4  | Reached XP level 19. HP: 169/169 MP: 17/39
 60494 | Swamp:4  | Noticed the 27-headed Lernaean hydra
 60668 | Swamp:4  | Killed the 27-headed Lernaean hydra
 60912 | Swamp:4  | Learned a level 4 spell: Iskenderun's Mystic Blast
 61074 | Swamp:4  | Got a decaying rune of Zot
 61521 | Elf:1    | Entered Level 1 of the Elven Halls
 62223 | Elf:1    | Reached skill level 1 in Translocations
 63040 | Elf:1    | Identified Wuisho's Directory of the Charmed Lungs
 63042 | Elf:1    | Identified the +2 kite shield "Olaujeg" {rC+ Dex+4}
 63042 | Elf:1    | Noticed Asterion
 63048 | Elf:1    | Killed Asterion
 63182 | Elf:1    | Identified the Parchment of the Boreal Plateau
 63559 | Elf:1    | Found Okoq's Weapon Emporium.
 63993 | Elf:1    | Identified Sif Muna's Anthology of the Massed Missiles
 65514 | Elf:2    | Found a runed translucent gate.
 65515 | Elf:2    | Found a runed translucent gate.
 65515 | Elf:2    | Found a runed translucent gate.
 67654 | Elf:2    | Identified the blade talisman of Tenacity {Will++ Int+3
                  | Slay-3 Stlth+}
 68135 | Elf:3    | Entered Level 3 of the Elven Halls
 70044 | Elf:3    | Reached XP level 20. HP: 120/178 MP: 26/41
 71032 | Elf:3    | Identified the ring of Jixash {Fire rPois Stlth+}
 71454 | Elf:3    | Identified the +3 ring mail of Eternity {rC- rN+ Int+7
                  | Dex+2}
 71662 | Elf:3    | Reached skill level 10 in Dodging
 71751 | Elf:3    | Identified the +0 plate armour of Responsibility {rElec
                  | Int+3 Dex-2 Stlth+}
 72559 | Elf:3    | Identified the staff of Armageddon {rF+ MP+9 Str-2 SInv
                  | Tloc Fire}
 72745 | Elf:3    | Identified the staff of Maxtoeka {rC+ Conj}
 72759 | Elf:3    | Identified Sif Muna's Almanac of Transformed Ozone
 73122 | Vaults:1 | Entered Level 1 of the Vaults
 74077 | Vaults:1 | Reached skill level 5 in Translocations
 74456 | Vaults:1 | Reached skill level 10 in Evocations
 75218 | Vaults:1 | Identified the Papyrus of Doom
 75710 | Vaults:1 | Found a runed translucent door.
 75710 | Vaults:1 | Found a shimmering altar of Xom.
 75711 | Vaults:1 | Noticed Silenth's ghost (adept DrFE)
 75711 | Vaults:1 | Identified the +11 dagger of Freezing Woe {flame, rPois rC+
                  | rN+}
 75964 | Vaults:1 | Found a portal to a secret trove of treasure.
 76269 | Vaults:1 | Reached XP level 21. HP: 150/180 MP: 2/42
 76819 | Vaults:1 | Found a portal to a secret trove of treasure.
 80532 | Vaults:3 | Noticed Saint Roka
 80543 | Vaults:3 | Killed Saint Roka
 81366 | Vaults:3 | Found a staircase to the Crypt.
 83310 | Vaults:3 | Learned a level 4 spell: Airstrike
 84801 | Vaults:4 | Learned a level 4 spell: Passage of Golubria
 84927 | Vaults:4 | Reached skill level 5 in Ranged Weapons
 85242 | Vaults:4 | Learned a level 8 spell: Ignition
 85447 | Depths:1 | Entered Level 1 of the Depths
 85454 | Depths:1 | Reached XP level 22. HP: 175/182 MP: 28/44
 85620 | Depths:1 | Reached skill level 15 in Fire Magic
 86191 | Depths:1 | Found a one-way gateway to a ziggurat.
 86434 | Depths:1 | Found an iron altar of Okawaru.
 86871 | Depths:1 | Found a gateway to Hell.
 88824 | Depths:3 | Found Zevuxes's General Store.
 88825 | Depths:3 | Found Cunu's Specific Store.
 89950 | Depths:3 | Identified the +7 long sword of the Pit {protect, rCorr
                  | Dex+5}
 90357 | Depths:3 | Identified the +0 plate armour of the Distant Future
                  | {^Drain Str+2 SInv}
 90740 | Depths:3 | Found a one-way gate to the infinite horrors of the Abyss.
 90908 | Depths:3 | Found an ornate altar of the Wu Jian Council.
 92434 | Depths:2 | Found a one-way gate leading to the halls of Pandemonium.
 93342 | Depths:2 | Noticed a caustic shrike
 93349 | Depths:2 | Killed a caustic shrike
 93760 | Depths:4 | Entered Level 4 of the Depths
 93852 | Depths:4 | Reached XP level 23. HP: 192/192 MP: 39/45
 94005 | Depths:4 | Reached skill level 6 in Ranged Weapons
 94736 | Depths:4 | Reached skill level 7 in Ranged Weapons
 94994 | Depths:4 | Found a gate to the Realm of Zot.
 95531 | Depths:4 | Found Wolodeaw's Whimsical Warehouse.
 95556 | Depths:4 | Found Ronex's Book Emporium.
 95556 | Depths:4 | Found Felez's Jewellery Shop.
 95557 | Depths:4 | Found Dadesics's Jewellery Shop.
 95564 | Depths:4 | Bought a book of Decay for 560 gold pieces
 95564 | Depths:4 | Bought a book of Spectacle for 672 gold pieces
 95571 | Depths:4 | Bought the amulet of Tulips {RegenMP rElec Int+3} for 804
                  | gold pieces
 95578 | Depths:4 | Learned a level 1 spell: Apportation
 95587 | Depths:4 | Learned a level 8 spell: Maxwell's Capacitive Coupling
 95760 | D:14     | Learned a level 4 spell: Dispel Undead
 96125 | Vaults:1 | Found a runed translucent door.
 96125 | Vaults:1 | Found a shimmering altar of Xom.
 96221 | Vaults:1 | Killed Silenth's ghost
 96222 | Vaults:1 | Reached skill level 1 in Necromancy
 96272 | Vaults:1 | Found a portal to a secret trove of treasure.
 97212 | Slime:1  | Entered Level 1 of the Pits of Slime
 97606 | Slime:1  | Reached skill level 5 in Necromancy
 99892 | Slime:5  | Entered Level 5 of the Pits of Slime
100146 | Slime:5  | Identified the +0 chain mail "Ditteunk" {Rampage Will+
                  | Regen+}
100269 | Slime:5  | Noticed the Royal Jelly
100540 | Slime:5  | Gained mutation: You have large cloven feet. [a shining
                  | eye]
100561 | Slime:5  | Reached skill level 8 in Ranged Weapons
100653 | Slime:5  | Killed the Royal Jelly
100709 | Slime:5  | Reached skill level 9 in Ranged Weapons
101019 | Slime:5  | Got a slimy rune of Zot
101076 | Slime:5  | Identified Sif Muna's Vellum of the Bloody Sphinx
101077 | Slime:5  | Identified the +5 ring mail "Fecutz" {rF+ Will+ Stlth+}
101091 | Slime:5  | Learned a level 2 spell: Sublimation of Blood
101189 | Slime:5  | Identified the staff of Visivuak {rF+ Fire Alchemy}
101299 | Slime:5  | Identified the ring of Vukixoan {rF+ Dex+6}
101300 | Slime:5  | Identified the +4 chain mail of Absence {rElec rF+ Str-4
                  | Dex+4}
102017 | Vaults:1 | You showed the slimy rune of Zot to enter a treasure trove
102018 | Trove    | Entered a treasure trove
102030 | Trove    | Identified the +3 tower shield "Plog" {Harm rN++ Regen+
                  | rCorr Dex-4}
102031 | Trove    | Identified the amulet "Ofoluunn" {Acrobat rElec rC++ Dex+4}
102031 | Trove    | Identified the amulet "Rutehev" {Acrobat rC+++ Int-2 Dex+7}
102070 | Trove    | Reached skill level 10 in Ranged Weapons
102070 | Trove    | Reached XP level 24. HP: 199/199 MP: 45/45
102250 | Crypt:1  | Entered Level 1 of the Crypt
102710 | Crypt:1  | Reached XP level 25. HP: 205/205 MP: 13/45
102818 | Crypt:1  | Reached skill level 11 in Ranged Weapons
102847 | Crypt:1  | Noticed Vv
102853 | Crypt:1  | Killed Vv
103704 | Crypt:2  | Noticed Khufu
103714 | Crypt:2  | Killed Khufu
103715 | Crypt:2  | Reached skill level 12 in Ranged Weapons
103961 | Crypt:2  | Acquired the +0 pair of boots of the Sailor {rCorr Str-2
                  | Int+2}
104454 | Crypt:3  | Entered Level 3 of the Crypt
105344 | Crypt:3  | Reached skill level 13 in Ranged Weapons
105729 | Crypt:3  | Identified the ring of the Devil {rC+ rN+ rCorr Int-3}
105814 | Crypt:3  | Noticed a dread lich
105815 | Crypt:3  | Noticed a dread lich
105818 | Crypt:3  | Killed a dread lich
105823 | Crypt:3  | Killed a dread lich
105993 | Crypt:3  | Identified the ring "Fugih" {+Blink rF+ rN+}
106250 | Crypt:3  | Reached skill level 14 in Ranged Weapons
106476 | Crypt:3  | Found a staircase to the Tomb.
106623 | Crypt:3  | Found an ancient bone altar of Kikubaaqudgha.
107177 | Crypt:3  | Identified the +3 scale mail of Kidour {Rampage Regen+
                  | rCorr Dex-5}
107377 | Tomb:1   | Entered Level 1 of the Tomb of the Ancients
108200 | Tomb:1   | Noticed a royal mummy
108210 | Tomb:1   | Killed a royal mummy
108211 | Tomb:1   | Reached skill level 15 in Ranged Weapons
108907 | Tomb:1   | Noticed a royal mummy
108919 | Tomb:1   | Killed a royal mummy
109502 | Vaults:5 | Entered Level 5 of the Vaults
109511 | Vaults:5 | Reached skill level 16 in Ranged Weapons
109513 | Vaults:5 | Noticed an ancient lich
109721 | Vaults:4 | Reached XP level 26. HP: 207/208 MP: 45/45
109897 | Vaults:5 | Identified the +3 mace of Doom {venom, Str+3 Dex+3}
110109 | Vaults:5 | Reached skill level 15 in Spellcasting
110110 | Vaults:5 | Identified the +0 hat of the Realm of Zot {rElec rN+}
110283 | Vaults:5 | Identified the ring of Seox {rCorr Int+2 Dex+6}
110657 | Vaults:5 | Identified the staff of Prudence {Will+ Str+2 Int-3 Necro
                  | Earth}
110666 | Vaults:5 | Reached skill level 17 in Ranged Weapons
111626 | Vaults:5 | Killed an ancient lich
112487 | Vaults:5 | Got a silver rune of Zot
112910 | Vaults:5 | Identified the ring "Rerow" {AC+4 Int+4}
113684 | Depths:2 | Voluntarily entered the Abyss.
114096 | Depths:2 | Escaped the Abyss
114208 | Zot:1    | Entered Level 1 of the Realm of Zot
114235 | Zot:1    | Noticed an orb of fire
114253 | Zot:1    | Killed an orb of fire
114254 | Zot:1    | Reached skill level 5 in Stealth
115094 | Zot:1    | Reached skill level 18 in Ranged Weapons
116418 | Zot:2    | Noticed Grunn
116423 | Zot:2    | Killed Grunn
117645 | Zot:3    | Noticed an orb of fire
117646 | Zot:3    | Gained mutation: You occasionally lose the ability to drink
                  | potions when taking damage. [an orb of fire]
117650 | Zot:3    | Killed an orb of fire
117651 | Zot:3    | Reached skill level 19 in Ranged Weapons
118182 | Zot:3    | Reached XP level 27. HP: 215/219 MP: 34/46
118626 | Zot:3    | Found a transporter.
118645 | Zot:3    | Found a transporter.
118653 | Zot:3    | Found a transporter.
118681 | Zot:3    | Found a transporter.
119118 | Orc:2    | Bought a potion of curing for 78 gold pieces
119118 | Orc:2    | Bought a potion of enlightenment for 130 gold pieces
119118 | Orc:2    | Bought a scroll of silence for 247 gold pieces
120099 | Zot:4    | Reached skill level 20 in Ranged Weapons
120208 | Zot:4    | Noticed an orb of fire
120212 | Zot:4    | Killed an orb of fire
121043 | Zot:4    | Found a runed translucent gate.
121043 | Zot:4    | Found a runed translucent gate.
121043 | Zot:4    | Found a runed translucent gate.
121046 | Zot:4    | Noticed Ogritsah's ghost (legendary MiBe)
121446 | Zot:4    | Killed Ogritsah's ghost
121662 | Zot:5    | Entered Level 5 of the Realm of Zot
121699 | Zot:5    | Reached skill level 21 in Ranged Weapons
121898 | Zot:5    | Found the +4 dragonskin cloak
121898 | Zot:5    | Noticed Tiamat
121910 | Zot:5    | Killed Tiamat
122297 | Zot:5    | Noticed a dread lich
122302 | Zot:5    | Killed a dread lich
122741 | Zot:5    | Noticed a dread lich
122745 | Zot:5    | Killed a dread lich
122759 | Zot:5    | Reached skill level 22 in Ranged Weapons
122883 | Zot:5    | Noticed an orb of fire
122888 | Zot:5    | Killed an orb of fire
123178 | Zot:5    | Noticed an orb of fire
123179 | Zot:5    | Gained mutation: You are dopey. (Int -2) [an orb of fire]
123182 | Zot:5    | Killed an orb of fire
123383 | Zot:5    | Noticed an orb of fire
123385 | Zot:5    | Gained mutation: Your spells are a little harder to cast,
                  | but a little more powerful. [an orb of fire]
123388 | Zot:5    | Killed an orb of fire
123465 | Zot:5    | Noticed an orb of fire
123466 | Zot:5    | Gained mutation: You are frail. (-10% HP) [an orb of fire]
123469 | Zot:5    | Killed an orb of fire
123636 | Zot:5    | Noticed a dread lich
123641 | Zot:5    | Killed a dread lich
123780 | Zot:5    | Noticed an orb of fire
123784 | Zot:5    | Killed an orb of fire
124357 | Zot:5    | Reached skill level 23 in Ranged Weapons
124571 | Zot:5    | Noticed an orb of fire
124574 | Zot:5    | Gained mutation: You are very frail. (-20% HP) [an orb of
                  | fire]
124575 | Zot:5    | Killed an orb of fire
125241 | Zot:5    | Lost mutation: You are very frail. (-20% HP) [potion of
                  | mutation]
125241 | Zot:5    | Lost mutation: You are frail. (-10% HP) [potion of
                  | mutation]
125241 | Zot:5    | Gained mutation: You expend magic power (3 MP) to
                  | strengthen your wands. [potion of mutation]
125242 | Zot:5    | Lost mutation: Your spells are a little harder to cast, but
                  | a little more powerful. [potion of mutation]
125242 | Zot:5    | Lost mutation: You are dopey. (Int -2) [potion of mutation]
125242 | Zot:5    | Lost mutation: You expend magic power (3 MP) to strengthen
                  | your wands. [potion of mutation]
125242 | Zot:5    | Gained mutation: Potions are less effective at restoring
                  | your health. [potion of mutation]
125242 | Zot:5    | Gained mutation: You have hidden genetic potential. [potion
                  | of mutation]
125243 | Zot:5    | Lost mutation: You have hidden genetic potential. [potion
                  | of mutation]
125243 | Zot:5    | Lost mutation: You have large cloven feet. [potion of
                  | mutation]
125243 | Zot:5    | Lost mutation: You occasionally lose the ability to drink
                  | potions when taking damage. [potion of mutation]
125243 | Zot:5    | Gained mutation: You have an increased reservoir of magic.
                  | (+10% MP) [potion of mutation]
125526 | Zig:1    | Entered Level 1 of a ziggurat
125536 | Zig:1    | Acquired 1216 gold pieces
125545 | Zig:2    | Entered Level 2 of a ziggurat
125545 | Zig:2    | Identified the +7 arbalest "Ezxetzar" {heavy, rPois Int+5
                  | Dex-2 SInv}
125584 | Zig:3    | Entered Level 3 of a ziggurat
125633 | Zig:4    | Entered Level 4 of a ziggurat
125633 | Zig:4    | Identified the ring "Eckual" {rF+ Int+3}
125633 | Zig:4    | Identified the +3 orcbow of the New World {heavy, Dex+7}
125687 | Zig:5    | Entered Level 5 of a ziggurat
125688 | Zig:5    | Identified the +5 plate armour of Card Tricks {rElec rF+
                  | Int-3}
125688 | Zig:5    | Identified the Precepts of Summoned Austromancy
125718 | Zig:6    | Entered Level 6 of a ziggurat
125720 | Zig:6    | Identified the +0 leather armour of the Serpent {rF++}
125721 | Zig:6    | Identified the +7 glaive of Vixuq {flame, Str+4}
125722 | Zig:6    | Identified the staff "Onoril" {rF+ MP+9 Fire}
125799 | Zig:7    | Entered Level 7 of a ziggurat
125801 | Zig:7    | Noticed a royal mummy
125802 | Zig:7    | Identified the ring of the Jumping Fool {*Slow rElec AC+4
                  | Str+5}
125804 | Zig:7    | Killed a royal mummy
125819 | Zig:7    | Identified the cursed +2 helmet "I Foresaw This" {Sorc,
                  | Bglg} (You found it on level 1 of the Snake Pit)
125819 | Zig:7    | Identified the cursed +2 pair of gloves "Cryptic Prison"
                  | {Melee, Fort} (You found it on level 10 of the Dungeon)
125877 | Zig:8    | Entered Level 8 of a ziggurat
125989 | Zig:9    | Entered Level 9 of a ziggurat
125995 | Zig:9    | Noticed Idemoj the pandemonium lord
126000 | Zig:9    | Found the ring of the Octopus King {rC+ HP+2 AC+2 EV+2
                  | SH+2}
126000 | Zig:9    | Found the ring of the Octopus King {rC+ HP+2 AC+2 EV+2
                  | SH+2}
126001 | Zig:9    | Identified Lunycug's Opusculum on Incandescent Spectres
126003 | Zig:10   | Entered Level 10 of a ziggurat
126275 | Zig:10   | Identified the ring of Wiawus {rF+ rC+ rN+ Will++ Str-5}
126277 | Zig:10   | Reached skill level 24 in Ranged Weapons
126278 | Zig:10   | Noticed Huddus the pandemonium lord
126279 | Zig:10   | Killed Huddus the pandemonium lord
126282 | Zig:10   | Found the +11 Singing Sword {sonic wave}
126282 | Zig:10   | Identified the +1 robe "Cuesa" {Str+3}
126282 | Zig:10   | Identified the +5 quarterstaff of Diush {vamp, Dex+4}
126439 | Zig:10   | Identified the staff of Tasureg {rElec rCorr Dex+3 Air}
126495 | Zig:11   | Entered Level 11 of a ziggurat
126504 | Zig:11   | Found the ring of the Hare {EV+10}
126512 | Zig:11   | Identified the +5 great sword "Owkikuru" {drain, rPois rF+
                  | Dex+2}
126517 | Zig:11   | Acquired a book of Flames
126597 | Zig:12   | Entered Level 12 of a ziggurat
126606 | Zig:12   | Found the +5 Lochaber axe {reach-cleave, Poleaxe ^Drain}
126610 | Zig:12   | Identified the +8 rapier of Lastroc {flame, Dex+5}
126612 | Zig:12   | Identified the +4 ring mail of Going Fast {Harm *Slow rCorr
                  | Dex+3}
126641 | Zig:12   | Learned a level 5 spell: Lee's Rapid Deconstruction
126644 | Zig:12   | Learned a level 2 spell: Blink
126711 | Zig:13   | Entered Level 13 of a ziggurat
126721 | Zig:13   | Noticed a royal mummy
126722 | Zig:13   | Noticed a royal mummy
126724 | Zig:13   | Noticed a royal mummy
126724 | Zig:13   | Identified the +1 trident "Helyxkaj" {spect, *Slow rPois
                  | rN+++ Int-5}
126727 | Zig:13   | Killed a royal mummy
126727 | Zig:13   | Killed a royal mummy
126727 | Zig:13   | Noticed a royal mummy
126730 | Zig:13   | Killed a royal mummy
126732 | Zig:13   | Killed a royal mummy
126810 | Zig:13   | Identified the ring of Nijoddue {*Corrode rElec rPois Str+2
                  | Int+6}
127001 | Zig:14   | Entered Level 14 of a ziggurat
127008 | Zig:14   | Identified the ring of Springtime {rN+ Will+ MP+9}
127011 | Zig:14   | Reached skill level 25 in Ranged Weapons
127155 | Zig:14   | Identified the +7 chain mail of Qyunloma {Harm Fly rPois
                  | Str-3 Slay-2}
127156 | Zig:14   | Identified the Elucidation of Mutable Battle Magic
127157 | Zig:14   | Identified the storm talisman "Yjuo" {rN+ MP+9}
127158 | Zig:14   | Identified the ring "Sisem" {rN+ Str+2}
127254 | Zig:15   | Entered Level 15 of a ziggurat
127548 | Zig:15   | Identified the Vademecum on the Storm and Curses
127549 | Zig:15   | Identified the Anthology of Scorched Darkness
127550 | Zig:15   | Identified the +1 sling "Devafabu" {flame, Fly rPois Int-2
                  | Dex+5}
127552 | Zig:15   | Identified the +7 fire dragon scales "Sillaas" {rF++ rC-
                  | rCorr Str-4 SInv}
127590 | Zig:15   | Reached skill level 26 in Ranged Weapons
127622 | Zig:16   | Entered Level 16 of a ziggurat
127775 | Zig:16   | Found the +8 mithril axe "Arga" {speed, Will+}
127860 | Zig:17   | Entered Level 17 of a ziggurat
127887 | Zig:17   | Identified the +10 mace of Reinforcement {antimagic, Int+4}
127888 | Zig:17   | Identified the Handbook of the Frigorific Swarm
127888 | Zig:17   | Identified the +2 flail "Ysmeutun" {freeze, rElec rC+ rN+}
127888 | Zig:17   | Identified the +1 great mace of Tareak {flame, +Blink rElec
                  | Dex+2}
128192 | Depths:1 | Found an iron altar of Okawaru.
129212 | Zot:5    | Got the Orb of Zot
129265 | Zot:4    | Noticed Daodwuti the pandemonium lord
129414 | Depths:4 | Noticed Geegil the pandemonium lord
129418 | Depths:4 | Killed Geegil the pandemonium lord
129451 | Depths:4 | Noticed Oschuf the pandemonium lord
129623 | D:9      | Noticed Diodd the pandemonium lord
129724 | D:7      | Reached skill level 27 in Ranged Weapons
129848 | D:$      | Escaped with the Orb!

Illustrated notes

Levels and vault maps discovered:
D:1:      minmay_arrival_diagonal_passages, layout_loops_ring,
          chequers_decorated_corner
D:2:      cheibrodos_fertilizer, layout_basic, basic_altar,
          minmay_split_cup_small
D:3:      layout_rooms, mainiacjoe_overflow_alcove_2, elyvilon_altar_1,
          mainiacjoe_overflow_surrounded_room, uniq_terence, uniq_jessica
D:4:      minmay_clustersquares, layout_basic, serial_bayou_lake_a
D:5:      layout_loops_ring, serial_bayou, serial_bayou_lagoon_b,
          serial_bayou_crossing, serial_bayou_pond_e, serial_bayou_lagoon_a,
          kennysheep_small_spiral, minmay_mini_ossuary
D:6:      layout_rooms, old_standard_altar, minmay_temple_entry_statues_pillars
D:7:      layout_basic, serial_shops, shop
D:8:      layout_gridville, serial_ice, serial_ice_g, serial_ice_c,
          serial_ice_a, serial_ice_h, uniq_maggie
D:9:      layout_basic, due_lair_maze_entry_diamond, minmay_statue_bubble
D:10:     layout_long_grid, grunt_temple_overflow_diamond,
          general_overflow_altar, hiddenorc2_lemuel
D:11:     layout_roguey, nzn_ghost_randoct, eat_drink_and_be_merry_uskayaw,
          uniq_snorg
D:12:     layout_rooms, portal_ice_cave_demonic_guard, uniq_lodul
D:13:     layout_basic, skrybe_vaults_entry_preservation, serial_curves,
          eino_curves_04, eino_curves_02, eino_curves_02, eino_curves_02
D:14:     layout_loops_cross
D:15:     gammafunk_depths_entry_grave, layout_loops_corners, bloody_makhleb,
          grunt_decor_clamped, nicolae_gozag_cash_rules_everything_around_me
Temple:   nicolae_temple_bog_church
Lair:1:   layout_chaotic_city, serial_bayou, serial_bayou_shore_b,
          serial_bayou_pond_a, serial_bayou_pond_a, serial_bayou_pond_b,
          bh_autumn_forest_stairs, nicolae_lair_grazing_beasts
          [nicolae_sub_lair_graze_edge, nicolae_sub_lair_graze_edge,
          nicolae_sub_lair_graze_edge, nicolae_sub_lair_graze_edge],
          lemuel_fruit_fields
Lair:2:   layout_roguey, mainiacjoe_swamp_entry_lozenge_pond, dummy_snake_entry,
          minmay_lair_oklob_items, grunt_megastairs_2, uniq_harold
Lair:3:   layout_cave_shapes, infiniplex_staircase_pool_2, uniq_gastronok,
          uniq_amaemon
Lair:4:   layout_regular_city, nicolae_volcano_entry_vermiform, minivault_23,
          hangedman_lair_unloving_vines, st_stairs_7
Lair:5:   cheibrodos_lair_end_hotspot, layout_hall_layers,
          minmay_slime_entry_pillars, serial_bayou_pond_e
Swamp:1:  layout_basic_swamp, nicolae_swamp_tree_designs, swamp_pool_1_2,
          nicolae_swamp_spooky_pond, uniq_frances
Swamp:2:  layout_basic_swamp, evilmike_swamp_ruin_house_4, uniq_donald,
          uniq_aizul, uniq_jorgrun
Swamp:3:  layout_basic_swamp, serial_swamp_ruin, evilmike_swamp_ruin_house_6,
          evilmike_swamp_ruin_house_5, statue_in_the_mist_lemuel,
          swamp_pool_1_2, nicolae_swamp_feature_on_the_river_bank
Swamp:4:  swamp_old_school, layout_basic_swamp
Snake:1:  layout_chambers, grunt_megastairs_1
Snake:2:  layout_rooms, basic_altar, nicolae_snake_magic_snake_eye
Snake:3:  layout_rooms, serial_bayou_shore_a
Snake:4:  minmay_snake_end_coiled, layout_cave_town, serial_shops,
          nicolae_shop_temple_entry_statues_fountains, grunt_ministairs_3
Slime:1:  layout_caves
Slime:2:  layout_caves
Slime:3:  cheibrodos_slime_lost_civilization_10, layout_caves,
          nicolae_slime_getting_an_eyeful
Slime:4:  layout_caves
Slime:5:  slime_pit_nicolae_inversion
Orc:1:    layout_caves
Orc:2:    grunt_orc_community_town_hall, layout_caves,
          grunt_orc_community_big_house_2, grunt_orc_community_big_house_2,
          grunt_orc_community_house_2, grunt_orc_community_house_1,
          grunt_orc_community_house_2, grunt_orc_community_house_1,
          grunt_orc_community_house_3, serial_shops, shop
Elf:1:    eino_elf_arrival_the_gate, layout_geoelf_octagon, serial_shops, shop,
          minmay_elf_sorcery, nicolae_twisting_strands,
          serial_library_hellmonk_octagon, uniq_asterion
Elf:2:    nicolae_elf_blades_crystal_corner, layout_loops_corners,
          grunt_ministairs_12, dk_noncrumbling_3
Elf:3:    minmay_elf_hall_hex, layout_geoelf_castle
Vaults:1: ebering_ghost_xom, nicolae_vaults_meeting, ontoclasm_vaults_chip,
          v_rooms_6, hangedman_vaults_trim, grunt_vaults_focal,
          nicolae_vaults_ninety_degrees, v_misc_3,
          nicolae_vaults_storage_room_glass,
          nicolae_vaults_trapezoid_lopsided_1,
          nicolae_vaults_offset_grid_hallway_1, v_misc_3,
          nicolae_vaults_double_plus_2, layout_vaults_omnicross,
          nicolae_trove_entry_free_sample
Vaults:2: vaults_room_semicircle, v_misc_23, v_misc_18, vaults_dpeg_diagonal,
          nicolae_vaults_asterisk, v_misc_29, v_misc_5,
          nicolae_vaults_sesquioval_fish, vaults_dpeg_encased_lava,
          nicolae_vaults_closet_pinwheel_5, nicolae_vaults_house_2,
          layout_vaults_ring
Vaults:3: minmay_crypt_entry_simple_sparse, vaults_room_pool,
          nicolae_vaults_security_offices_1, dpeg_vaults_monster_row,
          nicolae_vaults_offset_grid_hallway_1, nicolae_vaults_sesquioval_fish,
          nicolae_vaults_bisected_slash, nicolae_vaults_big_angled_halls,
          nicolae_vaults_offset_grid_hallway_4, ontoclasm_vaults_pinch,
          nicolae_vaults_trapezoid_2, nicolae_vaults_more_shelving_2,
          nicolae_vaults_gold_heap, layout_vaults_maze, uniq_saint_roka
Vaults:4: nicolae_vaults_theta, v_rooms_2, v_misc_27,
          nicolae_vaults_display_case, serial_ice_m,
          nicolae_vaults_hexular_roomagon, nicolae_vaults_trapezoid_2,
          vaults_dpeg_cross, nicolae_vaults_lightning_bolt,
          nicolae_vaults_doubleplus_tesselated,
          nicolae_vaults_closet_pinwheel_2, nicolae_vaults_shelves_hall,
          layout_vaults_omnibox
Vaults:5: serial_shops
Crypt:1:  layout_chaotic_city, item_on_display_a, uniq_vv
Crypt:2:  layout_basic, grunt_megastairs_5, uniq_khufu
Crypt:3:  evilmike_haunted_forest
Tomb:1
Depths:1: layout_gridville, enter_ziggurat_e, okawaru_ov_weapons_minmay,
          hell_entry, st_stairs_4, kennysheep_cross_bottleneck,
          minmay_misc_feat_roman, roderic_lattice_a, kennysheep_nondescript,
          dpeg_stationary_puzzle, serial_bayou_shore_b
Depths:2: minmay_diamond_stairs, layout_gridlike, nicolae_figureground_sparkle,
          rand_demon_pan_entry_3, hell_entry, abyss_entry
Depths:3: minmay_the_grid_net [minmay_the_grid_x, minmay_the_grid_mess,
          minmay_the_grid_minigrid_small_alt, minmay_the_grid_artifice,
          minmay_the_grid_spin_star, minmay_the_grid_prize_shrinking_boxes],
          layout_gridlike, nzn_wu_jian_contemplation,
          abyss_entry_small_statue_room, grunt_mini_vestibule, serial_aquarium,
          aquarium_bridge_square [aquarium_subvault_wall,
          aquarium_subvault_window, aquarium_subvault_balcony,
          aquarium_subvault_bridge], aquarium_window_corner,
          aquarium_window_corridor_1, aquarium_window_fake, aquarium_window_1,
          aquarium_view_2d, nicolae_specific_store
Depths:4: evilmike_zot_entry_basic, layout_cave_pools, hell_entry,
          serial_library_hellmonk_angled_corner, grunt_pan_entry_sceptre,
          nicolae_alphabet_shops, minivault_16, minmay_shop_grove
Zot:1:    layout_misc_corridors, st_stairs_2, lemuel_golem_globe
Zot:2:    nicolae_moth_party, layout_gridville,
          regret_index_zotdec_decaying_vile, uniq_grunn
Zot:3:    grunt_zot_stairs_faceoff, layout_basic, hangedman_zot_decor_tridents,
          nicolae_transporter_intersection
Zot:4:    kennysheep_room_grid, layout_gridlike, gammafunk_ghost_ooze,
          regret_index_zot_stipple_split, st_small_dragon_hoard_2,
          regret_index_zotdec_icy_dp
Zot:5:    layout_basic, uniq_tiamat

Skill      XL: |  1  2  3  4  5  6  7  8  9 10 11 12 13 14 15 16 17 18 19 20 21 22 23 24 25 26 27 |
---------------+----------------------------------------------------------------------------------+-----
Stealth        | 1 2 7 |  7.8
Fighting       | 2 3 5 7 8 10 11 13 14 15 | 15.0
Ranged Weapons | 1 2 4 5 10 16 19 27 | 27.0
Throwing       | 1 2 3 5 |  5.7
Short Blades   | 4 5 6 8 11 12 | 12.2
Evocations     | 1 2 3 4 5 6 7 8 10 | 10.3
Armour         | 1 2 3 5 6 7 8 |  8.3
Dodging        | 3 4 6 8 9 10 | 10.0
Shields        | 1 4 5 6 7 8 9 |  9.4
Air Magic      | 6 10 12 13 14 15 16 17 18 | 18.1
Fire Magic     | 3 6 8 10 11 14 17 18 | 18.1
Spellcasting   | 4 6 8 9 10 11 13 14 15 | 15.6
Conjurations   | 3 5 6 7 8 |  8.4
Alchemy        | 3 4 6 7 8 |  8.4
Hexes          | 3 5 6 |  6.5
Translocations | 3 5 |  5.9
Necromancy     | 7 8 |  8.5

Action                     |  1- 3 |  4- 6 |  7- 9 | 10-12 | 13-15 | 16-18 | 19-21 | 22-24 | 25-27 || total
---------------------------+-------+-------+-------+-------+-------+-------+-------+-------+-------++-------
  Melee: Short sword       |   100 |       |       |       |       |       |       |       |       ||   100
         Bite              |    12 |    21 |    66 |   152 |    43 |    23 |    39 |     2 |     2 ||   360
         Punch             |     2 |     1 |       |       |       |       |       |       |       ||     3
         Rapier            |    46 |   206 |   476 |   954 |   299 |   125 |   184 |       |       ||  2290
         Dagger            |       |     1 |       |       |       |       |       |       |       ||     1
         Staff             |       |       |       |       |       |       |    13 |    20 |    11 ||    44
  Throw: Stone             |     9 |    23 |    26 |     6 |       |       |       |       |       ||    64
         Dart              |     1 |     5 |    10 |    17 |     4 |       |     3 |     5 |       ||    45
         Boomerang         |       |       |       |   143 |       |     2 |       |     3 |       ||   148
         Throwing net      |       |       |       |       |       |       |     1 |     2 |       ||     3
   Cast: Kiss of Death     |     1 |     5 |       |       |       |       |       |       |       ||     6
         Plasma Beam       |       |       |       |    10 |   398 |   443 |   573 |   393 |   584 ||  2401
         Conjure Ball Ligh |       |       |       |       |    67 |       |     4 |       |       ||    71
         Fireball          |       |       |       |       |    16 |    84 |    34 |    15 |     6 ||   155
         Irradiate         |       |       |       |       |       |    63 |    97 |    57 |    30 ||   247
         Iskenderun's Myst |       |       |       |       |       |       |     6 |    16 |     6 ||    28
         Yara's Violent Un |       |       |       |       |       |       |     1 |       |       ||     1
         Airstrike         |       |       |       |       |       |       |     6 |    32 |       ||    38
         Ignition          |       |       |       |       |       |       |       |    65 |   141 ||   206
         Maxwell's Capacit |       |       |       |       |       |       |       |     3 |   107 ||   110
         Dispel Undead     |       |       |       |       |       |       |       |     7 |     9 ||    16
         Sublimation of Bl |       |       |       |       |       |       |       |       |   102 ||   102
         Apportation       |       |       |       |       |       |       |       |       |     7 ||     7
 Invoke: Curse Item        |       |     2 |     2 |     4 |     4 |     5 |     3 |     2 |     4 ||    26
         Shatter the Chain |       |       |       |     2 |     2 |     4 |     2 |     2 |     4 ||    16
  Evoke: Wand              |       |       |     7 |    15 |    15 |     5 |    13 |    14 |    18 ||    87
         Phial of floods   |       |       |       |     1 |     3 |     2 |     2 |     1 |     1 ||    10
         Box of beasts     |       |       |       |       |       |       |     2 |     1 |     1 ||     4
         Phantom mirror    |       |       |       |       |       |       |       |       |     1 ||     1
         Lightning rod     |       |       |       |       |       |       |       |       |     4 ||     4
         Tin of tremorston |       |       |       |       |       |       |       |       |     2 ||     2
    Use: Potion            |       |     1 |       |     2 |     4 |     1 |     1 |     1 |    25 ||    35
         Scroll            |       |       |     1 |     4 |     5 |     4 |    11 |     8 |    22 ||    55
   Stab: Sleeping          |       |     4 |     3 |     8 |     2 |       |       |       |       ||    17
         Petrified         |       |       |       |     1 |       |       |       |       |       ||     1
         Paralysed         |       |       |       |       |     2 |       |       |       |       ||     2
         Distracted        |       |       |       |       |     1 |       |       |       |       ||     1
         Invisible         |       |       |       |       |       |       |     1 |       |       ||     1
         Held in net/web   |       |       |       |       |       |       |     2 |       |       ||     2
 Armour: Leather armour    |    48 |    77 |   164 |   103 |       |       |       |       |       ||   392
         Steam dragon scal |       |       |       |   176 |   284 |       |       |       |       ||   460
         Troll leather arm |       |       |       |       |    15 |       |       |       |       ||    15
         Scale mail        |       |       |       |       |    35 |   285 |   379 |   198 |   279 ||  1176
         Skin              |       |       |       |       |       |       |       |       |    23 ||    23
  Dodge: Dodged            |    90 |   161 |   319 |   381 |   173 |   132 |   133 |    58 |    68 ||  1515
  Block: Buckler           |       |       |   103 |   168 |   103 |    96 |       |       |       ||   470
         Kite shield       |       |       |       |       |       |    35 |   388 |   223 |   190 ||   836

Table legend: (Time is in decaauts)
 A = Elapsed time spent in this place.
 B = Non-inter-level travel time spent in this place.
 C = Inter-level travel time spent in this place.
 D = Time resting spent in this place.
 E = Time spent auto-exploring this place.
 F = Levels seen in this place.
 G = Mean time per level.
                   A        B        C        D        E       F      G
               +--------+--------+--------+--------+--------+-----+--------+
         Total | 129889 | 120896 |   8993 |  27940 |  74793 |  80 | 1623.6 |
       Dungeon |  21914 |  19358 |   2556 |   1951 |  13554 |  15 | 1460.9 |
        Temple |      1 |      1 |      0 |      0 |      0 |   1 |    1.0 |
          Lair |  11402 |  10437 |    965 |   1046 |   7631 |   5 | 2280.4 |
         Swamp |   9906 |   9599 |    307 |   3741 |   5073 |   4 | 2476.5 |
     Snake Pit |  14165 |  13695 |    470 |   2155 |  10272 |   4 | 3541.2 |
    Slime Pits |   4477 |   4264 |    213 |   1076 |   2562 |   5 |  895.4 |
  Orcish Mines |   5819 |   5490 |    329 |    971 |   3912 |   2 | 2909.5 |
   Elven Halls |  10871 |  10494 |    377 |   4300 |   4706 |   3 | 3623.7 |
        Vaults |  17529 |  16519 |   1010 |   4001 |  10029 |   5 | 3505.8 |
         Crypt |   5293 |   4984 |    309 |    547 |   3635 |   3 | 1764.3 |
          Tomb |   1949 |   1801 |    148 |    777 |    579 |   1 | 1949.0 |
        Depths |  11578 |  10740 |    838 |   1886 |   7508 |   4 | 2894.5 |
           Zot |  10900 |   9433 |   1467 |   3846 |   4088 |   5 | 2180.0 |
         Abyss |    415 |    415 |      0 |    118 |      0 |   3 |  138.3 |
      Ziggurat |   2343 |   2343 |      0 |    915 |    854 |  17 |  137.8 |
         Trove |     65 |     65 |      0 |      0 |      0 |   1 |   65.0 |
      Ice Cave |    748 |    748 |      0 |    582 |     15 |   1 |  748.0 |
       Volcano |    505 |    505 |      0 |     27 |    372 |   1 |  505.0 |
               +--------+--------+--------+--------+--------+-----+--------+

Top non-repeatable levels by time:
Vaults:1: 5730 daAuts
Depths:3: 4674 daAuts
 Snake:2: 4643 daAuts
   Elf:3: 4352 daAuts
   Elf:2: 4118 daAuts
 Swamp:4: 3818 daAuts
Vaults:5: 3758 daAuts
   Orc:2: 3705 daAuts
  Lair:2: 3616 daAuts
   Zot:5: 3593 daAuts
 Snake:3: 3562 daAuts
 Snake:4: 3484 daAuts
Depths:2: 3007 daAuts
 Crypt:3: 2994 daAuts
Vaults:2: 2969 daAuts
